 Dungeon Crawl Stone Soup version 0.14-a0-1254-g249fea6 (webtiles) character file.

69555 4tharraofdagon the Carver (level 15, -39/142 HPs)
             Began as a Naga Gladiator on Dec 1, 2013.
             Was a High Priest of Cheibriados.
             Killed from afar by a deep elf sorcerer (50 damage)
             ... with a blast of hellfire
             ... on Level 3 of the Elven Halls on Dec 2, 2013.
             The game lasted 01:35:40 (9834 turns).

4tharraofdagon the Carver (Naga Gladiator)          Turns: 9834, Time: 01:35:41

HP -39/142       AC 29     Str 35      XL: 15   Next: 28%
MP   9/28        EV  9     Int 24      God: Cheibriados [*****.]
Gold 486         SH 40     Dex 24      Spells:  0 memorised, 25 levels left

rFire  . . .     SeeInvis +     b - +3,+1 long sword (freeze)
rCold  . . .     Clarity  .     K - +0 chain mail {rN+}
rNeg   + . .     Conserve .     S - -1 orc large shield
rPois  +         rCorr    .     a - +1 helmet of Edeazifa {Str+1 Dex+2}
rElec  .         rRot     .     U - +0 cloak
SustAb . .       Spirit   .     o - +0 pair of gloves
rMut   .         Warding  .     w - +2 naga barding {Fly}
Saprov . . .     Stasis   .     J - amulet of faith
                                q - ring of regeneration
                                k - +5 ring of protection

@: drained, very slow, quite resistant to hostile enchantments, extremely
unstealthy
A: spit poison, constrict 1, see invisible, clever 1, clumsy 1, deformed body,
poison resistance, slowness 2, wild magic 1, AC +5
a: Spit Poison, Bend Time, Temporal Distortion, Slouch, Step From Time, Renounce
Religion, Evoke Flight


You were on level 3 of the Elven Halls.
You worshipped Cheibriados.
Cheibriados was extremely pleased with you.
You were hungry.

You visited 5 branches of the dungeon, and saw 27 of its levels.
You also visited: Ossuary and Ice Cave.

You collected 2550 gold pieces.
You spent 2064 gold pieces at shops.

Inventory:

Hand weapons
 b - a +3,+1 long sword of freezing (weapon)
 d - a cursed +0 blowgun
 F - a +3,+3 elven long sword
 G - a +8,+0 elven long sword of holy wrath
 N - a +3,+1 scimitar of holy wrath
 W - a +0,+2 dagger of distortion
Missiles
 t - 2 throwing nets [frayed] (quivered)
Armour
 a - the +1 helmet of Edeazifa (worn) {Str+1 Dex+2}
   (You found it on level 8 of the Dungeon)

   It affects your strength (+1).
   It affects your dexterity (+2).
 i - a +2 buckler of protection
 m - a +0 ice dragon hide
 o - a +0 pair of gloves (worn)
 w - a +2 naga barding of flying (worn)
 K - a +0 chain mail of positive energy (worn)
 S - a -1 orcish large shield (worn)
 U - a +0 cloak (worn)
Magical devices
 h - a wand of digging (18)
 z - a wand of lightning (4)
 A - a wand of enslavement (10)
 E - a wand of fire (3)
 H - a wand of cold (2)
 M - a wand of lightning (4)
Comestibles
 f - 8 bread rations
 g - 4 meat rations
 n - a lychee
Scrolls
 c - a scroll of summoning
 e - 3 scrolls of teleportation
 v - a scroll of fear
 T - 2 scrolls of remove curse
 V - 2 scrolls of fog
 Y - a scroll of recharging
Jewellery
 k - a +5 ring of protection (left hand)
 q - a ring of regeneration (right hand)
 r - an uncursed ring of ice
 C - an uncursed ring of sustain abilities {unknown}
 D - an uncursed amulet of stasis {unknown}
 I - an uncursed amulet of resist corrosion
 J - an amulet of faith (around neck)
 L - an uncursed ring of teleportation
 O - an uncursed amulet of resist corrosion
Potions
 j - 6 potions of curing
 l - 2 potions of might
 p - 7 potions of agility
 s - a potion of lignification
 y - a potion of magic
 B - a potion of confusion {unknown}
 P - a potion of restore abilities
Books
 R - a book of the Earth

   Spells                             Type                      Level
   Dig                                Earth                        4
   Leda's Liquefaction                Hexes/Earth                  4
   Bolt of Magma                      Conjuration/Fire/Earth       5
   Statue Form                        Transmutation/Earth          6
   Iron Shot                          Conjuration/Earth            6
   Shatter                            Earth                        9
Miscellaneous
 x - a plain deck of defence {Solitude}


   Skills:
 + Level 9.9(9.2) Fighting
 * Level 13.5(12.7) Long Blades
 - Level 1.7(1.1) Throwing
 + Level 8.1(7.4) Armour
 + Level 8.4(7.7) Dodging
 + Level 9.6(8.9) Shields
 + Level 5.9(5.2) Spellcasting
 + Level 10.0(9.3) Invocations
 - Level 5.0(4.4) Evocations


You had 25 spell levels left.
You didn't know any spells.

Dungeon Overview and Level Annotations

Branches:
Dungeon (11/16)            Temple (1/1) D:5             Orc (4/4) D:10
    Elf (3/3) Orc:3          Lair (8/8) D:10          Swamp (0/5) Lair:3
  Snake (0/5) Lair:4
  Slime: Lair:6-8

Altars:
Cheibriados
Fedhas
Kikubaaqudgha
Nemelex Xobeh
Okawaru
Sif Muna
Trog
Vehumet
Xom
Yredelemnul
Zin
the Shining One

Shops:
D:11 (   Orc:2 !   Orc:4 (*%+   Elf:1 +   Elf:3 %

Annotations:
D:3 Grinder
D:8 exclusion: 2 oklob saplings
D:9 Erolcha; Gastronok; timbw's ghost, experienced HuFi
Elf:3 exclusion: Roxanne, Roxanne
Lair:6 CLOAK FOR SLIME!!!!!!!!!


Innate Abilities, Weirdness & Mutations

You cannot wear boots.
You can spit poison.
You can use your snake-like lower body to constrict enemies.
Your serpentine skin is tough (AC +5).
You have supernaturally acute eyesight.
Armour fits poorly on your strangely shaped body.
Your system is resistant to poisons.
You cover ground very slowly.
Your mind is acute. (Int +2)
You are clumsy. (Dex -2)
Your spells are a little harder to cast, but a little more powerful.


Message History

You can feel time thicken for a moment.
You kill the deep elf demonologist!
Cheibriados appreciates the change of pace.
You kill the deep elf demonologist!
Cheibriados thoroughly appreciates the change of pace.
You feel somewhat more hungry.
A deep elf annihilator comes into view. It is wielding an elven sabre.
Unknown command.
The deep elf annihilator shouts!
The deep elf annihilator points at you and mumbles some strange words.
The bolt of lightning misses you. The bolt of lightning hits you!
* * * LOW HITPOINT WARNING * * *
The deep elf sorcerer mumbles some strange words.
The deep elf sorcerer seems to speed up.
The deep elf annihilator mumbles some strange words.
The deep elf annihilator blinks!
The deep elf sorcerer points at you and mumbles some strange words.
The hellfire explodes!
The blast of hellfire engulfs you!
One of your 2 scrolls of recharging catches fire!
You die...

#.## ## ##.## #.# ##.###.# ##.#.#
##@# ##* ##.############
#.###.)...........#
#[.#).###########.# *#.e.##
##.######
**********##)##*********#.)......
*,,,,,,,,, #§#*,,,, ,,,,#####....
*,,,,, ,,,*#§#*,,,,,,,,,*,..#.?..
*,, ,,,,, #.#*,,, ,,,, *,......f


You could see a deep elf sorcerer.

Vanquished Creatures
  An orc warlord (Orc:4)
  A deep elf sorcerer (Elf:3)
  5 deep elf demonologists
  3 deep elf death magi (Elf:3)
  Harold (Lair:3)
  2 ice dragons (IceCv)
  A hydra (Lair:5)
  A spectral elf (Elf:3)
  A soul eater (Orc:4)
  3 orc high priests (Orc:4)
  8 deep elf knights
  2 ice statues (IceCv)
  Nergalle (Lair:5)
  4 orc knights (Orc:4)
  5 deep elf conjurers
  3 griffons
  5 orc sorcerers
  A hill giant (D:10)
  A cyclops (D:11)
  A spiny frog (shapeshifter) (Elf:2)
  6 spiny frogs
  A black mamba (Lair:8)
  10 deep elf summoners
  Psyche (D:8)
  A hellwing (Orc:4)
  7 deep elf priests
  A demonic crawler (Elf:3)
  A hydra zombie (D:10)
  A giant firefly (Lair:8)
  3 trolls
  4 komodo dragons
  Prince Ribbit (Orc:1)
  17 blink frogs
  9 spriggans (Lair:8)
  3 tarantellas
  8 sharks
  A redback (Elf:1)
  Eustachio (D:8)
  16 deep elf magi
  A steam dragon (D:10)
  21 wolves
  4 porcupines
  18 ice beasts
  23 deep elf fighters
  8 grizzly bears (Lair:8)
  5 sky beasts
  4 wandering mushrooms (D:8)
  A necrophage (D:7)
  6 basilisks
  19 yaks
  A naga (Lair:4)
  6 crocodiles
  A yellow wasp (D:10)
  A deep dwarf (shapeshifter) (Elf:2)
  3 black bears (Lair:8)
  A centaur (D:8)
  12 ogres
  9 giant frogs
  8 giant goldfish
  2 hippogriffs (Lair:5)
  6 agate snails
  2 insubstantial wisps (D:10)
  Blork the orc (D:9)
  26 orc warriors
  9 water moccasins
  A boring beetle (Lair:8)
  2 yak skeletons (Orc:4)
  3 giant slugs
  11 wights
  7 jellyfish
  2 jellies
  A goliath beetle (D:11)
  8 electric eels
  4 hounds
  4 crimson imps
  18 orc priests
  5 worker ants
  2 scorpions
  A gnoll shaman (D:8)
  5 orange rats
  26 orc wizards
  5 big fish
  5 iguanas
  Jessica (D:3)
  11 mummies (Ossuary)
  2 hound skeletons
  4 gnolls
  A worker ant zombie (D:8)
  14 adders
  2 giant centipedes
  60 green rats
  A lemure (Elf:3)
  A giant mite (Lair:1)
  An inept item mimic (D:2)
  12 white imps (Orc:4)
  6 worms
  An ufetubus (Elf:3)
  An iguana zombie (D:8)
  2 giant eyeballs
  7 giant geckos
  133 orcs
  2 ball pythons
  3 giant cockroaches
  15 goblins
  21 hobgoblins
  6 jackals
  6 quokkas
  19 bats
  4 giant newts
  A giant newt skeleton (D:4)
  A gnoll skeleton (Ossuary)
  3 goblin skeletons (Ossuary)
  A hobgoblin skeleton (D:8)
  8 kobolds
  2 kobold skeletons (Ossuary)
  2 orc skeletons (Ossuary)
  7 orc zombies
  23 rats
  17 rat skeletons
  2 butterflies
853 creatures vanquished.

Vanquished Creatures (collateral kills)
  2 blink frogs (Lair:5)
2 creatures vanquished.

Vanquished Creatures (others)
  6 rat skeletons (Orc:4)
  9 fungi
  6 plants
21 creatures vanquished.

Grand Total: 876 creatures vanquished

Notes
Turn   | Place    | Note
--------------------------------------------------------------
     0 | D:1      | 4tharraofdagon, the Naga Gladiator, began the quest for the Orb.
     0 | D:1      | Reached XP level 1. HP: 20/20 MP: 0/0
     0 | D:1      | Ladykiller69: so why not get cleave
   151 | D:1      | Reached XP level 2. HP: 22/27 MP: 1/1
   152 | D:1      | 4tharraofdagon: nice beggining
   152 | D:1      | timbw: ye
   152 | D:1      | timbw: ac big deal
   152 | D:1      | 4tharraofdagon: cleave is so obvious choice
   246 | D:2      | Ladykiller69: huh
   254 | D:2      | Ladykiller69: how so much AC?!
   264 | D:1      | timbw: fuck dodge man
   273 | D:1      | timbw: dodge is shit
   325 | D:2      | Daniel: dodge is doge
   327 | D:2      | 4tharraofdagon: ill go dex
   327 | D:2      | 4tharraofdagon: anyway
   327 | D:2      | timbw: is shit
   327 | D:2      | Ladykiller69: dodge on Na is the obvious choice
   332 | D:2      | Ladykiller69: since you have HP
   342 | D:2      | Daniel: why dex?
   343 | D:2      | Ladykiller69: to survive the RNG hating on you a bit
   383 | D:2      | Ladykiller69: dex=being able to run/dodge
   384 | D:2      | timbw: he is tired of good chars
   389 | D:2      | timbw: i guess
   411 | D:2      | timbw: cause its shit
   481 | D:3      | timbw: u going chei?
   496 | D:3      | timbw: then it makes sense
   504 | D:3      | 4tharraofdagon: you mean crapbrbiodos?
   504 | D:3      | timbw: y
   504 | D:3      | Ladykiller69: if you go chei you dont need more dex
   504 | D:3      | Ladykiller69: since softcap at 24
   504 | D:3      | timbw: soft cap is at 21
   504 | D:3      | 4tharraofdagon: whats the next breakpoint,50?
   504 | D:3      | Ladykiller69: the learndb says 24 and 34
   504 | D:3      | 4tharraofdagon: i dont know a shit about softcrap THING
   504 | D:3      | Ladykiller69: basically go str if you want to meele
   504 | D:3      | Ladykiller69: if you chei
   504 | D:3      | Ladykiller69: otherwise go dex
   504 | D:3      | 4tharraofdagon: well swords are shifted towards dex
   504 | D:3      | Daniel: what? no
   504 | D:3      | Daniel: thats not how that works
   504 | D:3      | Daniel: since like 0.7
   504 | D:3      | 4tharraofdagon: str/dex weight not anymore?
   504 | D:3      | Daniel: no
   504 | D:3      | hurdos: good evening men
   504 | D:3      | 4tharraofdagon: hello
   504 | D:3      | Daniel: hi
   504 | D:3      | 4tharraofdagon: welcome to real world Neo
   504 | D:3      | 4tharraofdagon: wtf
   504 | D:3      | Daniel: it was cut out a long time ago
   504 | D:3      | 4tharraofdagon: so in one sentence how does it work now
   504 | D:3      | Daniel: well, there is no weapon weight
   504 | D:3      | hurdos: Who are you calling Neo?! :)
   504 | D:3      | Daniel: in damage calculation
   504 | D:3      | Ladykiller69: dex=acc and str=dmg right?
   504 | D:3      | Ladykiller69: thats what I heard
   504 | D:3      | 4tharraofdagon: str-dmg,dex-acc?
   504 | D:3      | Daniel: umm, not exactly
   504 | D:3      | timbw: i think its still weighted
   504 | D:3      | Daniel: its a bit long formula
   504 | D:3      | Daniel: str does help with damage
   504 | D:3      | 4tharraofdagon: so dex only for stab/stealth/def?
   504 | D:3      | Daniel: but to hit enchant does even more
   504 | D:3      | Daniel: and slaying ring works as enchant too
   504 | D:3      | Reached XP level 3. HP: 29/33 MP: 2/2
   518 | D:3      | Daniel: yeah basically
   524 | D:3      | Reached skill level 1 in Armour
   524 | D:3      | Reached XP level 4. HP: 39/42 MP: 3/3
   532 | D:3      | Noticed Grinder
   534 | D:3      | Ladykiller69: oh my
   534 | D:3      | Daniel: dex help for little species
   534 | D:3      | fu
   534 | D:3      | Ladykiller69: you are
   534 | D:3      | Ladykiller69: in fucking trouble
   535 | D:3      | timbw: its still weighted
   535 | D:3      | Daniel: with naturally good dodge
   543 | D:3      | timbw: dex is better with light weapons
   577 | D:2      | Daniel: how is it weighted now?
   583 | D:3      | Daniel: can you link the formula?
   588 | D:3      | Noticed Jessica
   591 | D:3      | Killed Jessica
   591 | D:3      | Reached skill level 4 in Long Blades
   636 | D:3      | timbw: i dont have it
   681 | D:3      | timbw: i just checked the bot, it hasnt changed
   702 | D:3      | Found a sparkling altar of Nemelex Xobeh.
   805 | D:4      | Daniel: 1d(base*strength_bonus)*skill_bonus + 1d(to_dam + slaying) + various bonuses
   815 | D:4      | Daniel: you mean this?
   822 | D:4      | timbw: no
   840 | D:4      | Noticed an ogre
   848 | D:4      | Killed an ogre
   848 | D:4      | Reached XP level 5. HP: 45/48 MP: 4/4
   875 | D:4      | Paralysed by a giant eyeball for 2 turns
  1095 | D:4      | Reached XP level 6. HP: 49/56 MP: 5/5
  1148 | D:5      | Entered Level 5 of the Dungeon
  1230 | D:5      | Reached skill level 5 in Long Blades
  1237 | D:5      | Reached XP level 7. HP: 36/63 MP: 6/6
  1272 | D:5      | Daniel: https://www.youtube.com/watch?v=HUvZk_M7tUc
  1275 | D:4      | Paralysed by a giant eyeball for 2 turns
  1278 | D:4      | Daniel: so this video explains it
  1285 | D:4      | Daniel: from 7:50
  1337 | D:5      | Daniel: 7:40*
  1357 | D:5      | Daniel: its 2 years old
  1368 | D:5      | Found a staircase to the Ecumenical Temple.
  1374 | Temple   | Entered the Ecumenical Temple
  1378 | Temple   | Daniel: but it was not changed since than
  1378 | Temple   | Ladykiller69: chei :D
  1384 | Temple   | Became a worshipper of Cheibriados the Contemplative
  1644 | D:6      | Found a bloodstained altar of Trog.
  1646 | D:6      | omg
  1670 | D:6      | Reached skill level 6 in Long Blades
  1906 | D:6      | Reached skill level 1 in Invocations
  1906 | D:6      | Reached XP level 8. HP: 36/72 MP: 6/8
  1950 | D:7      | Ladykiller69: nice
  2071 | D:7      | Found a sand-covered staircase.
  2076 | Ossuary  | Entered an ossuary
  2126 | Ossuary  | Reached skill level 5 in Fighting
  2179 | Ossuary  | Gained mutation: You are clumsy. (Dex -2) [potion of mutation]
  2179 | Ossuary  | Gained mutation: You are frail (-10% HP). [potion of mutation]
  2179 | Ossuary  | Lost mutation: You are frail (-10% HP). [potion of mutation]
  2188 | Ossuary  | timbw: lol
  2190 | Ossuary  | Ladykiller69: you still want to train dodging I think
  2208 | Ossuary  | Ladykiller69: in case you arent
  2229 | Ossuary  | timbw: he is
  2337 | Ossuary  | Acquired Cheibriados' first power
  2379 | Ossuary  | Reached skill level 7 in Long Blades
  2529 | D:8      | timbw: statue!
  2582 | D:8      | Ladykiller69: you may want that
  2598 | D:8      | Ladykiller69: Na get no shields penalty at 15 skill
  2606 | D:8      | Ladykiller69: which you probably know
  2744 | D:8      | Noticed Psyche
  2746 | D:8      | Ladykiller69: yet that doesnt sound that good if you consider the -2 apt...
  2749 | D:8      | Killed Psyche
  2749 | D:8      | Reached skill level 1 in Shields
  2749 | D:8      | Reached XP level 9. HP: 79/79 MP: 12/12
  2764 | D:8      | Acquired Cheibriados' second power
  3002 | D:7      | Acquired Cheibriados' third power
  3002 | D:7      | Reached skill level 8 in Long Blades
  3038 | D:7      | Found a radiant altar of Vehumet.
  3041 | D:7      | Reached skill level 5 in Dodging
  3053 | D:7      | Ladykiller69: with faith slochspam probably is a great option actually...
  3161 | D:7      | 4tharraofdagon: im not convinced about shields
  3231 | D:7      | Paralysed by a giant eyeball for 3 turns
  3234 | D:7      | Paralysed by a giant eyeball for 2 turns
  3338 | D:9      | Noticed Eustachio
  3340 | D:9      | Noticed timbw's ghost (experienced HuFi)
  3341 | D:9      | Noticed Gastronok
  3341 | D:9      | Noticed Blork the orc
  3342 | D:9      | Ladykiller69: oh my
  3345 | D:9      | Noticed Erolcha
  3351 | D:8      | Killed Eustachio
  3364 | D:8      | timbw: hm
  3365 | D:8      | timbw: u can probably
  3373 | D:8      | timbw: enslave my ghost
  3421 | D:8      | Noticed a wandering mushroom
  3424 | D:8      | Noticed a wandering mushroom
  3437 | D:8      | Killed a wandering mushroom
  3442 | D:8      | Found a blossoming altar of Fedhas.
  3442 | D:8      | Noticed a wandering mushroom
  3442 | D:8      | Noticed a wandering mushroom
  3453 | D:8      | timbw: wow
  3454 | D:8      | Killed a wandering mushroom
  3454 | D:8      | timbw: i cant believe
  3454 | D:8      | Reached XP level 10. HP: 70/88 MP: 15/15
  3455 | D:8      | timbw: this vault
  3458 | D:8      | timbw: had something good
  3460 | D:8      | Daniel: indeed
  3473 | D:8      | Ladykiller69: its a food place generally...
  3474 | D:8      | Daniel: he cant shoot you
  3485 | D:8      | Daniel: oh ok
  3492 | D:8      | Killed a wandering mushroom
  3505 | D:8      | Ladykiller69: at least I thought that
  3527 | D:8      | Ladykiller69: can he shoot through the tree?
  3542 | D:8      | Killed a wandering mushroom
  3547 | D:8      | Daniel: not through tress
  3547 | D:8      | Daniel: trees*
  3548 | D:8      | Got a dazzling helmet
  3555 | D:8      | Identified the +1 helmet of Edeazifa {Str+1 Dex+2} (You found it on level 8 of the Dungeon)
  3601 | D:9      | Killed Blork the orc
  3613 | D:10     | Entered Level 10 of the Dungeon
  3662 | D:10     | Ladykiller69: oh and Naga have quite good MR gain
  3694 | D:10     | Reached skill level 9 in Long Blades
  3726 | D:10     | Ladykiller69: so elf maybe
  3781 | D:10     | Reached skill level 1 in Evocations
  3811 | D:10     | Noticed a hill giant
  3819 | D:10     | Killed a hill giant
  3836 | D:10     | timbw: man
  3857 | D:10     | timbw: just wrecking giants and yaks
  3876 | D:10     | timbw: when did u become stronk
  3903 | D:10     | timbw: ah
  3905 | D:10     | timbw: 6*
  3936 | D:10     | Found a staircase to the Orcish Mines.
  3943 | D:10     | Found a staircase to the Lair.
  3954 | Lair:1   | Entered Level 1 of the Lair of Beasts
  4137 | Lair:1   | Reached skill level 5 in Invocations
  4187 | Lair:1   | Reached skill level 5 in Armour
  4190 | Lair:1   | Reached skill level 5 in Shields
  4190 | Lair:1   | Reached XP level 11. HP: 83/96 MP: 18/18
  4239 | Lair:1   | timbw: use drain sword
  4247 | Lair:1   | timbw: much better
  4257 | Lair:1   | timbw: u dont need accuarcy
  4394 | Lair:2   | timbw: drain = 66% chance of 1-50% extra dmg
  4415 | Lair:2   | timbw: much better then little accuracy
  4525 | Lair:2   | 4tharraofdagon: mm
  4525 | Lair:2   | 4tharraofdagon: how much exxp it drains
  4525 | Lair:2   | timbw: not worth worrying about
  4525 | Lair:2   | 4tharraofdagon: i mean is this exp loss is noticeable?
  4525 | Lair:2   | timbw: its not noticable
  4525 | Lair:2   | 4tharraofdagon: k
  4730 | Lair:3   | timbw: rofl
  4730 | Lair:3   | timbw: 5 turns to move in water
  4751 | Lair:3   | Ladykiller69: dont forget you can afford slouching the shit ot of most stuff since faith
  4755 | Lair:3   | 4tharraofdagon: i must find pondering ;p
  4770 | Lair:3   | Reached skill level 10 in Long Blades
  4771 | Lair:3   | Noticed Harold
  4775 | Lair:3   | Killed Harold
  4779 | Lair:3   | timbw: flaming
  4779 | Lair:3   | timbw: :D
  4779 | Lair:3   | Ladykiller69: hope its flame
  4788 | Lair:3   | timbw: meh
  4788 | Lair:3   | 4tharraofdagon: not bad
  4788 | Lair:3   | timbw: its okay ye
  4788 | Lair:3   | timbw: but also meh
  4788 | Lair:3   | 4tharraofdagon: well its scimitar so crap anyway
  4798 | Lair:3   | timbw: scimitar = war axe
  4820 | Lair:3   | Found a staircase to the Swamp.
  4828 | Lair:3   | 4tharraofdagon: yeh
  4828 | Lair:3   | timbw: good enough
  4828 | Lair:3   | timbw: to wreck elf 3
  4828 | Lair:3   | 4tharraofdagon: i would have enter swamp
  4858 | Lair:3   | Ladykiller69: why would you ahve to do that?
  4870 | Lair:3   | 4tharraofdagon: no diggning
  4939 | Lair:4   | Found a staircase to the Snake Pit.
  4954 | Lair:4   | 4tharraofdagon: friendly branches
  4969 | Lair:4   | 4tharraofdagon: i feel like home
  4998 | Lair:4   | Ladykiller69: they want to kill you actually
  5004 | Lair:4   | Ladykiller69: everything does
  5056 | Lair:4   | Ladykiller69: this o_O
  5057 | Lair:4   | Reached XP level 12. HP: 51/105 MP: 11/21
  5179 | Lair:5   | Noticed a six-headed hydra
  5183 | Lair:5   | Killed a six-headed hydra
  5191 | Lair:5   | Noticed a six-headed hydra
  5405 | Lair:7   | Reached skill level 5 in Evocations
  5523 | Lair:8   | Entered Level 8 of the Lair of Beasts
  5721 | Lair:8   | Gained mutation: Your spells are a little harder to cast, but a little more powerful. [potion of mutation]
  5721 | Lair:8   | Gained mutation: Your mind is acute. (Int +2) [potion of mutation]
  5767 | Lair:8   | Reached skill level 1 in Spellcasting
  5805 | Lair:8   | Reached skill level 11 in Long Blades
  5882 | Lair:8   | Noticed a spriggan rider
  5884 | Lair:8   | Killed a spriggan rider
  5884 | Lair:8   | Killed a giant firefly
  5966 | Lair:8   | Reached XP level 13. HP: 112/115 MP: 23/23
  6030 | Lair:8   | Ladykiller69: this vault sucks
  6040 | Lair:8   | Ladykiller69: its got shitty loot
  6080 | Lair:8   | 4tharraofdagon: the only good thing about it its thats its easy
  6187 | Lair:8   | Ladykiller69: do you plan spells?
  6211 | Lair:8   | timbw: with shield and armour
  6220 | Lair:8   | timbw: its still a long way away
  6238 | Lair:8   | timbw: even with chei stats
  6253 | Lair:7   | Ladykiller69: well he doesnt have to go really heavy armour
  6273 | Lair:8   | Ladykiller69: then it should be possible
  6274 | Lair:8   | Ladykiller69: and shields is negated at 15!
  6295 | Lair:7   | timbw: he wont have that until vaults
  6427 | Lair:6   | Ladykiller69: vaults5 is actually quite the party with slouch
  6430 | Lair:6   | Ladykiller69: and the snake vault as well probably
  6509 | Lair:5   | patman: do all lair levels have those strawberries now
  6521 | Lair:5   | Noticed Nergalle
  6527 | Lair:5   | Killed Nergalle
  6557 | Lair:4   | Ladykiller69: quite a few I think
  6599 | Lair:2   | patman: would be nice for fedhas
  6675 | D:10     | timbw: whats the turncount like now?
  6688 | D:10     | Ladykiller69: they generate quite frequently is all I know
  6749 | D:11     | Found Fruapig's Weapon Boutique.
  6756 | D:11     | 4tharraofdagon: nice trident
  6756 | D:11     | Bought a +3,+1 long sword of freezing for 406 gold pieces
  6767 | D:11     | Ladykiller69: not for you tho
  6798 | D:11     | 4tharraofdagon: yep its time
  6798 | D:11     | timbw: woah
  6800 | D:11     | Ladykiller69: nice :D
  6800 | D:11     | timbw: you will
  6800 | D:11     | timbw: get bansihed
  6800 | D:11     | timbw: 5 times
  6800 | D:11     | Ladykiller69: hm
  6823 | D:10     | timbw: gl
  6843 | Orc:1    | Entered Level 1 of the Orcish Mines
  6857 | Orc:1    | patman: nice slouch damage!
  6869 | Orc:1    | Ladykiller69: 5 MR
  6886 | Orc:1    | Ladykiller69: nagas have 5 MR apt thingy
  6886 | Orc:1    | Ladykiller69: racial modifier
  6886 | Orc:1    | Ladykiller69: whatever
  6886 | Orc:1    | 4tharraofdagon: naga with pondering can slouch off glorx
  6912 | Orc:2    | Ladykiller69: naga can slouch oneshot nessos
  6955 | Orc:2    | timbw: it will come in handy vs blademasters for sure
  7016 | Orc:3    | Found a staircase to the Elven Halls.
  7040 | Orc:3    | Ladykiller69: the thing with nagas in elf tho
  7066 | Orc:2    | Ladykiller69: is draining
  7086 | Orc:2    | timbw: DUE
  7087 | Orc:2    | Ladykiller69: well spells in general
  7091 | Orc:2    | timbw: DUDE
  7095 | Orc:1    | timbw: PLATE ARMOUR
  7122 | Orc:1    | Ladykiller69: you get SO WRECKED by the spell barrage
  7123 | Orc:1    | Noticed Prince Ribbit
  7136 | Orc:1    | Killed Prince Ribbit
  7222 | Orc:2    | Found Yroumiol's Distillery.
  7234 | Orc:2    | Bought a potion of curing for 28 gold pieces
  7234 | Orc:2    | Bought a potion of curing for 28 gold pieces
  7234 | Orc:2    | Bought a potion of curing for 28 gold pieces
  7234 | Orc:2    | Bought a potion of resistance for 98 gold pieces
  7234 | Orc:2    | Bought 2 potions of curing for 56 gold pieces
  7241 | Orc:2    | Ladykiller69: if you get rCorr you have slimes
  7245 | Orc:2    | Ladykiller69: damn
  7267 | Orc:2    | 4tharraofdagon: yep
  7267 | Orc:2    | 4tharraofdagon: trj also easily wreckable
  7305 | Orc:3    | Ladykiller69: whats trj?
  7305 | Orc:3    | timbw: the royal jelly
  7305 | Orc:3    | 4tharraofdagon: Her Highness
  7305 | Orc:3    | Ladykiller69: ah
  7305 | Orc:3    | Ladykiller69: I always forget
  7318 | Orc:3    | Ladykiller69: meele, kill, slouch slimes?
  7343 | Orc:3    | 4tharraofdagon: totaly wrecks
  7375 | Orc:3    | 4tharraofdagon: which i noticed on epic bloax games
  7428 | Orc:3    | Reached skill level 12 in Long Blades
  7515 | Orc:4    | Entered Level 4 of the Orcish Mines
  7578 | Orc:4    | Found a frozen archway.
  7602 | IceCv    | Entered an ice cave
  7682 | IceCv    | 4tharraofdagon: slouch it?
  7682 | IceCv    | Ladykiller69: uh
  7682 | IceCv    | 4tharraofdagon: will it be affected?
  7682 | IceCv    | Ladykiller69: they cant move
  7682 | IceCv    | Ladykiller69: so
  7682 | IceCv    | Ladykiller69: no
  7682 | IceCv    | 4tharraofdagon: but they do have speed
  7685 | IceCv    | Ladykiller69: really?
  7687 | IceCv    | Ladykiller69: SPD 16
  7687 | IceCv    | Ladykiller69: so
  7687 | IceCv    | Ladykiller69: worth a try I'd say
  7687 | IceCv    | 4tharraofdagon: ill check wizmode
  7687 | IceCv    | 4tharraofdagon: if you dont mind
  7687 | IceCv    | Ladykiller69: of course not
  7687 | IceCv    | Ladykiller69: I'm getting cake
  7687 | IceCv    | 4tharraofdagon: not affected
  7687 | IceCv    | 4tharraofdagon: what cake
  7987 | IceCv    | Bloax: mmm, ida
  8021 | IceCv    | 4tharraofdagon: o hi
  8025 | IceCv    | Ladykiller69: with cherries
  8027 | IceCv    | Ladykiller69: and cream
  8029 | IceCv    | Ladykiller69: and stuff
  8187 | Orc:4    | Bloax: https://www.youtube.com/watch?v=pb1dKdhGGzE
  8191 | Orc:4    | Ladykiller69: no dragons!?
  8193 | Orc:4    | 4tharraofdagon: how i didnt know this one
  8193 | Orc:4    | 4tharraofdagon: im still terribly retired in power/heavy
  8193 | Orc:4    | 4tharraofdagon: and i swore to make the homework from that topic :/
  8193 | Orc:4    | Bloax: https://www.youtube.com/watch?v=UFAT41pZaOQ
  8193 | Orc:4    | Bloax: https://www.youtube.com/watch?v=DHhANLOP31s
  8193 | Orc:4    | Bloax: this album is badass
  8193 | Orc:4    | 4tharraofdagon: i've had occassion to go for overkill last year
  8193 | Orc:4    | 4tharraofdagon: What Do you Think About Hell
  8193 | Orc:4    | Ladykiller69: on cheina?
  8193 | Orc:4    | 4tharraofdagon: that fuckin oozes with op epickness
  8193 | Orc:4    | Bloax: Amazing song.
  8193 | Orc:4    | Bloax: And amazing use of effects.
  8193 | Orc:4    | 4tharraofdagon: ya
  8193 | Orc:4    | Bloax: and it was made in 1989
  8193 | Orc:4    | Bloax: 12/10
  8193 | Orc:4    | Ladykiller69: speaking of hell
  8193 | Orc:4    | Ladykiller69: will you try it?
  8193 | Orc:4    | timbw: https://www.youtube.com/watch?v=BD3VJGDqphM
  8193 | Orc:4    | Ladykiller69: since your movement does fuck you in terms of provoking hell effects
  8193 | Orc:4    | Upgraded the game from 0.14-a0-1192-g192f278 to 0.14-a0-1254-g249fea6
  8282 | Orc:4    | Reached XP level 14. HP: 127/132 MP: 25/25
  8295 | Orc:4    | Noticed an orc warlord
  8315 | Orc:4    | Killed an orc warlord
  8679 | Orc:4    | Found Smahawae's General Store.
  8680 | Orc:4    | Found Shanko's Weapon Shop.
  8681 | Orc:4    | Found Jaizap's Book Shoppe.
  8682 | Orc:4    | Found Tawnympao's Food Shop.
  8698 | Orc:4    | hurdos: Hi
  8698 | Orc:4    | Bought a +2 naga barding of flying for 1420 gold pieces
  8698 | Orc:4    | 4tharraofdagon: hey
  8754 | Elf:1    | Entered Level 1 of the Elven Halls
  8920 | Elf:1    | Found Syixzez's Book Shop.
  9177 | Elf:2    | Reached skill level 5 in Spellcasting
  9187 | Elf:2    | Reached skill level 13 in Long Blades
  9277 | Elf:3    | Entered Level 3 of the Elven Halls
  9363 | Elf:3    | Found Petzan's Food Boutique.
  9406 | Elf:3    | Noticed Roxanne
  9435 | Elf:3    | Reached XP level 15. HP: 89/142 MP: 22/28
  9778 | Elf:3    | Noticed a deep elf sorcerer
  9786 | Elf:3    | Killed a deep elf sorcerer
  9786 | Elf:3    | Reached skill level 10 in Invocations
  9814 | Elf:3    | Identified a scroll of acquirement
  9822 | Elf:3    | Noticed a deep elf sorcerer
  9834 | Elf:3    | Killed from afar by a deep elf sorcerer

Action                   |  1- 3 |  4- 6 |  7- 9 | 10-12 | 13-15 || total
-------------------------+-------+-------+-------+-------+-------++-------
Melee: Falchion          |    74 |    64 |    29 |       |       ||   167
       Long sword        |       |    47 |   264 |   763 |   638 ||  1712
       Great sword       |       |       |   134 |       |       ||   134
       Scimitar          |       |       |       |       |    43 ||    43
Throw: Throwing net      |     3 |     1 |       |       |       ||     4
       Dart              |       |     1 |    12 |     5 |       ||    18
Invok: Slouch            |       |       |     1 |    14 |    32 ||    47
       Temporal Distorti |       |       |     1 |       |     1 ||     2
       Step From Time    |       |       |       |       |     1 ||     1
 Abil: Spit Poison       |    13 |    20 |    18 |     7 |     1 ||    59
Evoke: Wand              |       |     1 |     5 |     8 |    10 ||    24
  Use: Potion            |     1 |     2 |     2 |     2 |     7 ||    14
       Scroll            |     1 |    10 |    14 |     9 |    12 ||    46
 Stab: Held in net/web   |     2 |     1 |       |       |       ||     3
       Betrayed ally     |       |       |       |     1 |       ||     1
       Fleeing           |       |       |       |       |     1 ||     1
       Distracted        |       |       |       |       |     1 ||     1
